[Event "*** Titled Tuesday Blitz"]
[Site "Chess.com"]
[Date "2020.10.20"]
[Round "4"]
[White "Fischerev7"]
[Black "Mbneu"]
[Result "1-0"]
[WhiteElo "2410"]
[BlackElo "2230"]
[TimeControl "180+1"]
[EndTime "10:42:37 PDT"]
[Termination "Fischerev7 won by checkmate"]

1. e4 c5 2. Nf3 Nf6 3. Nc3 d5 4. exd5 Nxd5 5. Bb5+ Bd7 6. Bxd7+ Qxd7 7. O-O Nc6 8. d3 e6 9. Re1 Be7 10. Nxd5 Qxd5 11.
Bf4 O-O 12. Qe2 Nd4 13. Nxd4 cxd4 14. c4 dxc3 15. bxc3 Bf6 16. d4 Rac8 17. Bd2 Rc4 18. Qe4 Qxe4 19. Rxe4 Rfc8 20. a4 R8c6 21. a5 Ra6 22. Ree1 Kf8 23. Reb1 Rc7 24. Kf1 Ke7 25. Ke2 e5 26. Kd3 exd4 27. cxd4 Rd6 28. Bb4 Kd7 29. Bxd6 Kxd6 30. Rb5 Kd7 31. Rab1 Kc8 32. Rd5 Be7 33. f4 g6 34. g4 Bd8 35. f5 Re7 36. g5 b6 37. axb6 Bxb6 38. f6 Rc7 39. Rb3 Kb7 40. Re5 Rd7 41. Re7 Kc6 42. Rxd7 Kxd7 43. Ke4 Ke6 44. Rc3 Kd7 45. d5 Bc7 46. h4 a5 47. Rc4 Bd6 48. Ra4 Bb4 49. Ke5 Kc7 50. Kd4 Kd6 51. Kc4 Be1 52. Ra2 Bxh4 53. Re2 Bxg5 54. Re7 Bxf6 55. Rxf7 Bb2 56. Rxh7 a4 57. Rh6 a3 58. Rxg6+ Ke5 59. Ra6 Kf5 60. d6 Ke6 61.
Kc5 Kd7 62. Ra7+ Kd8 63. Kc6 a2 64. Ra8# 1-0

[Event "*** Titled Tuesday Blitz"]
[Site "Chess.com"]
[Date "2020.10.20"]
[Round "4"]
[White "AlexeiShirov"]
[Black "talman67"]
[Result "1/2-1/2"]
[WhiteElo "2807"]
[BlackElo "2529"]
[TimeControl "180+1"]
[EndTime "10:42:38 PDT"]
[Termination "Game drawn by repetition"]

1. e4 e5 2. Nf3 Nc6 3. Bb5 a6 4. Ba4 Nf6 5. O-O Nxe4 6. d4 b5 7. Bb3 d5 8. dxe5 Be6 9. Be3 Be7 10. Nbd2 O-O 11. c3 Bg4 12. Nxe4 dxe4 13. Qd5 Qxd5 14.
Bxd5 exf3 15. Bxc6 fxg2 16. Rfc1 Rab8 17. b4 f6 18. a4 fxe5 19. axb5 axb5 20. Ra5 Be2 21.
Bd5+ Kh8 22. Rc2 Bd3 23. Rca2 e4 24. Ra7 Rbd8 25. Rxc7 Bd6 26. Rb7 Bxh2+ 27. Kxg2 Rxd5 28. Kxh2 h6 29. Raa7 Rg8 30. Kg3 Kh7 31. Rb6 Rh5 32. Bd4 Rg5+ 33. Kh4 Rf8 34. Be3 Rg6 35. Rxg6 Kxg6 36.
Bd4 Rf7 37. Ra6+ Kh7 38. Kg3 g5 39. Bf6 Kg6 40. Bd4+ Kh5 41. Rd6 Rf3+ 42. Kg2 Rf7 43. Be3 Rh7 44. Rf6 Rd7 45. Bc5 Be2 46. Bf8 Bf3+ 47.
Kg3 Rh7 48. Rb6 Be2 49. Re6 Bd3 50. Rf6 g4 51. Bc5 Kg5 52. Rd6 Rf7 53. Be3+ Kf5 54. Rxh6 Ke5 55. Kxg4 Kd5 56. Rh5+ Kc4 57. Rc5+ Kb3 58.
Bd4 Rf3 59. Kg5 Rf8 60. Kg6 Rf3 61. Kg7 Rf4 62. Be3 Rf3 63. Rc6 Rf5 64. Bd4 Rf3 65. Rc5 Rf4 66. Rh5 Rf3 67. Rh8 Kc4 68. Rc8+ Kb3 69.
Rc5 1/2-1/2

[Event "*** Titled Tuesday Blitz"]
[Site "Chess.com"]
[Date "2020.10.20"]
[Round "4"]
[White "PLAYER_2006_M"]
[Black "brunomorado"]
[Result "1/2-1/2"]
[WhiteElo "2515"]
[BlackElo "2321"]
[TimeControl "180+1"]
[EndTime "10:42:38 PDT"]
[Termination "Game drawn by stalemate"]

1. d4 d5 2. Nc3 Nf6 3. Bf4 Bf5 4. f3 e6 5. g4 Bg6 6. h4 h6 7. e3 Bd6 8. Nh3 Nc6 9. Bd3 Bxd3 10. Qxd3 e5 11.
dxe5 Nxe5 12. Bxe5 Bxe5 13. O-O-O c6 14. g5 hxg5 15. hxg5 Nd7 16. g6 f6 17. Nf4 Rxh1 18.
Rxh1 Nf8 19. Ncxd5 cxd5 20. Nxd5 Rc8 21. f4 Rc5 22.
Rd1 Rxd5 23. Qxd5 Qxd5 24. Rxd5 Bc7 25. f5 Nd7 26. Kd2 Ne5 27. b3 Nc6 28. c3 Ne7 29. Rb5 b6 30. e4 Kd7 31. a4 Nc6 32. Rd5+ Ke7 33. b4 Be5 34. Kd3 a5 35. Kc4 axb4 36. cxb4 Bd6 37. a5 bxa5 38. bxa5 Bg3 39. Kb5 Nd8 40. a6 Bf2 41. Rd2 Ba7 42. Rxd8 Kxd8 43.
Kc6 Ke7 44. Kb7 Bg1 45. Kc6 Bd4 46. Kc7 Be3 47. Kc6 Bd4 48. Kd5 Be3 49. e5 fxe5 50. Kxe5 Bb6 51. Kd5 Be3 52. Kc6 Kf6 53. Kd7 Kxf5 54.
Ke8 Kxg6 55. Ke7 Ba7 56. Kd7 Kf5 57. Kc6 g5 58. Kb7 Bf2 59. Kc6 g4 60. Kd5 g3 61.
Kc6 g2 62. a7 Bxa7 63. Kb7 g1=Q 64. Ka8 Qb6 1/2-1/2

[Event "*** Titled Tuesday Blitz"]
[Site "Chess.com"]
[Date "2020.10.20"]
[Round "4"]
[White "kleopl"]
[Black "JoachimMouhamad"]
[Result "1-0"]
[WhiteElo "2449"]
[BlackElo "2305"]
[TimeControl "180+1"]
[EndTime "10:42:39 PDT"]
[Termination "kleopl won on time"]

1. e4 e5 2. Nf3 Nc6 3. Bc4 Nf6 4. d3 Be7 5. O-O O-O 6. Re1 d6 7. c3 Na5 8. Bb5 a6 9. Ba4 c5 10. h3 Nc6 11. d4 cxd4 12. cxd4 exd4 13. Nxd4 Nxd4 14.
Qxd4 Be6 15. Nc3 b5 16. Bc2 Nd7 17. Bf4 Ne5 18. Bxe5 dxe5 19. Qxe5 Bf6 20. Qg3 b4 21. Rad1 Qb8 22. e5 bxc3 23. Qd3 g6 24. exf6 cxb2 25. Qe3 Kh8 26. Qh6 Rg8 27. Bb1 Qf8 28. Qd2 Qa3 29.
Re3 Qa4 30. Rde1 Qf4 31. Qxb2 Rab8 32. Qa3 Qxf6 33. Qxa6 Rb2 34. R3e2 Rgb8 35. Rxb2 Rxb2 36. Qa7 Kg7 37. a4 Bd5 38. Qe3 Bb7 39. a5 Qc6 40.
Be4 Qxe4 41. Qxe4 Bxe4 42. Rxe4 Ra2 43. Re5 Kf6 44. Rb5 h5 45. g3 Kg7 46. Kg2 Ra1 47. h4 Ra3 48. Rc5 Ra2 49. Kf3 Kf6 50. Ke3 Kg7 51. Re5 Kf6 52. Rb5 Ke6 53. Rb6+ Ke5 54. a6 Ra3+ 55. Ke2 Ra2+ 56. Kf3 Ra3+ 57. Kg2 Ra2 58. Rb7 Kf6 59. a7 Kg7 60. Kf3 Ra3+ 61.
Ke4 Ra5 62. Kd4 Kf6 63. Kc4 Ra1 64. Kb5 Rb1+ 65. Kc6 Rc1+ 66. Kd7 1-0

[Event "*** Titled Tuesday Blitz"]
[Site "Chess.com"]
[Date "2020.10.20"]
[Round "4"]
[White "Zemerovv"]
[Black "Qvalda"]
[Result "0-1"]
[WhiteElo "2280"]
[BlackElo "2429"]
[TimeControl "180+1"]
[EndTime "10:42:39 PDT"]
[Termination "Qvalda won on time"]

1. g3 g6 2. Bg2 Bg7 3. e4 d6 4. d4 Nc6 5. Be3 e5 6. Ne2 Bg4 7. f3 Bd7 8. c4 h5 9. h4 Bh6 10. Qd2 Bxe3 11. Qxe3 Nf6 12. Nbc3 O-O 13. O-O-O Rb8 14.
d5 Na5 15. b3 b5 16. c5 b4 17.
Nb1 Bb5 18. Rd2 Nb7 19. c6 Nc5 20. g4 Bxe2 21. Qxe2 a5 22. Rc2 a4 23. Nd2 Ra8 24. Rxc5 dxc5 25. Kb2 axb3 26. Nxb3 Qb8 27. Ra1 Qa7 28.
Bh3 Qa3+ 29. Kb1 Ra7 30. g5 Rfa8 31. Qb2 Qxb2+ 32. Kxb2 c4 33. gxf6 cxb3 34. Kxb3 Ra3+ 35. Kxb4 Rxf3 36. Bd7 Rxf6 37. a4 Kf8 38. a5 Ke7 39.
Kc5 Rf2 40. d6+ cxd6+ 41. Kc4 Rc2+ 42. Kd3 Rc5 43. a6 d5 44. exd5 Rxd5+ 45. Ke4 Kd6 46. a7 Rd4+ 47. Ke3 Rc4 48. Ra6 Kc7 49. Kd3 Rc1 50.
Ke4 Rc5 51. Kd3 f5 52. Ke3 e4 53. Kd4 Rc1 54. Ra3 Rd1+ 55. Ke5 Rd3 56. Ra4 e3 57. Ra1 e2 58. Re1 Re3+ 59. Kf6 Re4 60. Kxg6 f4 61. Kf5 Re3 0-1

[Event "*** Titled Tuesday Blitz"]
[Site "Chess.com"]
[Date "2020.10.20"]
[Round "4"]
[White "atalz0"]
[Black "BikingBrian"]
[Result "1/2-1/2"]
[WhiteElo "2409"]
[BlackElo "2251"]
[TimeControl "180+1"]
[EndTime "10:42:39 PDT"]
[Termination "Game drawn - insufficient material"]

1. d4 Nf6 2. c4 g6 3. f3 Bg7 4. e4 d6 5. Nc3 O-O 6. Be3 a6 7. Qd2 Nbd7 8. Nh3 c6 9. a4 a5 10.
Be2 Nb8 11. Nf2 Na6 12. O-O Nb4 13. Rad1 Qc7 14. f4 e5 15. fxe5 dxe5 16. d5 cxd5 17. cxd5 Bd7 18. d6 Qb8 19. Bb6 Rc8 20. Bb5 Bf8 21.
Qg5 Bg7 22. Nd3 h6 23. Qe3 Ng4 24. Qf3 Be6 25. d7 Rd8 26. Nc5 Nf6 27. Nxe6 fxe6 28. Bxd8 Qxd8 29. Rd6 Nc2 30. Rxe6 Nd4 31. Qg3 Nxd7 32.
Rxg6 Qe7 33. Rxg7+ Qxg7 34. Qxg7+ Kxg7 35. Bxd7 Rd8 36. Bb5 Ne6 37. Bc4 Nf4 38. g3 Nd3 39. Rd1 Rd4 40.
Bxd3 Rb4 41. Be2 Rxb2 42. Kf2 Rc2 43. Nd5 Ra2 44. Ne3 Rxa4 45. Nf5+ Kg6 46. Rd7 Rxe4 47. Ne7+ Kf6 48. Nd5+ Ke6 49. Rd8 Rd4 50. Bf3 e4 51.
Bg4+ Ke5 52. Ne3 Rxd8 53. Nc4+ Kd4 54. Nxa5 e3+ 55. Ke2 Ra8 56. Nxb7 Ra2+ 57. Ke1 Kd3 58. Bf5+ Kc3 59. Nc5 Kd4 60. Nb3+ Ke5 61. Bd3 Rxh2 62. Nc1 Rg2 63. Ne2 h5 64. Ba6 Rh2 65. Kf1 h4 66.
gxh4 Rxh4 67. Kg2 Ra4 68. Bd3 Ra3 69. Bc4 Rc3 70. Ba6 Rc2 71. Kf3 Rxe2 72. Kxe2 Kd4 73.
Bd3 Kc5 74. Bh7 Kb6 75. Kxe3 1/2-1/2

[Event "*** Titled Tuesday Blitz"]
[Site "Chess.com"]
[Date "2020.10.20"]
[Round "4"]
[White "witcher8"]
[Black "SerLanselot"]
[Result "1-0"]
[WhiteElo "2430"]
[BlackElo "2208"]
[TimeControl "180+1"]
[EndTime "10:42:42 PDT"]
[Termination "witcher8 won by resignation"]

1. e4 d6 2. d4 Nf6 3. Nc3 g6 4. Be3 Bg7 5. f3 c6 6. Qd2 Nbd7 7.
O-O-O Qa5 8. Kb1 b5 9. Nce2 b4 10. Nc1 Rb8 11. Nb3 Qb6 12. Qf2 a5 13. Ne2 a4 14. Nd2 Ba6 15. Nc1 Bxf1 16. Rhxf1 O-O 17. g4 Qb5 18. Qe2 Qxe2 19. Nxe2 Nb6 20. Nc1 Nfd7 21. Nd3 Nc8 22. h4 Na7 23. h5 Rb5 24. hxg6 hxg6 25. Rh1 Rc8 26. g5 e6 27. f4 d5 28. Rh3 Rbb8 29.
Rdh1 Rc7 30. f5 dxe4 31. Nxe4 exf5 32. Bf4 fxe4 33. Bxc7 exd3 34. Bxb8 dxc2+ 35. Kxc2 Nxb8 36. Re3 Na6 37. Re8+ Bf8 38. Ra8 Nb5 39. Rxa6 Nxd4+ 40. Kd3 c5 41. Ra8 Kg7 42. Re1 Ne6 43. Rxe6 fxe6 44. Ra7+ Kg8 45. Ke4 Bg7 46. b3 axb3 47. axb3 Bd4 48.
Re7 e5 49. Rb7 Kf8 50. Kd5 Ke8 51. Ke6 Kd8 52. Rd7+ Ke8 53. Rg7 Kf8 54. Rxg6 c4 55.
bxc4 b3 56. Kd5 b2 57. Rf6+ Kg7 58. Rf1 Kg6 59. c5 Kxg5 60. c6 Bb6 61. Kxe5 Bc7+ 62. Ke6 Bf4 63. Rb1 Kg4 64. Rxb2 1-0

[Event "*** Titled Tuesday Blitz"]
[Site "Chess.com"]
[Date "2020.10.20"]
[Round "4"]
[White "Chessalary"]
[Black "WPWPWP-2015"]
[Result "1-0"]
[WhiteElo "2341"]
[BlackElo "2435"]
[TimeControl "180+1"]
[EndTime "10:42:44 PDT"]
[Termination "Chessalary won by resignation"]

1. d4 d5 2. c4 dxc4 3. e3 Nf6 4. Bxc4 e6 5. Nf3 a6 6. Nc3 c5 7. O-O Nc6 8. a4 cxd4 9. exd4 Be7 10. d5 exd5 11.
Nxd5 Nxd5 12. Bxd5 O-O 13. Bxc6 bxc6 14. Be3 Qxd1 15.
Rfxd1 Bg4 16. Rac1 Rfc8 17. Bc5 Bf6 18. Bd4 Rab8 19.
Bxf6 gxf6 20. Rc2 Rb4 21. Rd4 Rxd4 22. Nxd4 Rd8 23. f3 Rxd4 24. fxg4 Rd6 25. b3 Kf8 26. Kf2 Ke7 27. Ke3 Re6+ 28. Kd4 Kd6 29. b4 Re5 30. Rf2 Ke6 31. Rc2 Kd6 32. Rf2 Rd5+ 33. Kc4 Ke6 34. Re2+ Kd7 35. Rf2 Ke7 36. Rf5 Re5 37. h3 Ke6 38.
Rf4 Rd5 39. Re4+ Kd6 40. Rd4 Ke5 41. Rxd5+ cxd5+ 42. Kd3 Ke6 43. Kd4 Kd6 44. b5 axb5 45. axb5 h6 46. g3 Ke6 47. b6 Kd6 48. b7 Kc7 49. Kxd5 Kxb7 50. Ke4 Kc6 51. Kf5 Kd5 52. Kxf6 Ke4 53. Kxf7 Kf3 54. Kg6 Kxg3 55. Kxh6 Kxh3 56.
g5 Kg4 57. g6 Kf5 58. g7 Kf6 59. g8=Q Ke7 60. Qg6 Kd7 61. Kg5 Ke7 62. Qf6+ Ke8 63.
Kf5 Kd7 64. Ke5 Ke8 65. Kd5 Kd7 66. Qg7+ Kc8 67. Kc6 Kb8 1-0

[Event "*** Titled Tuesday Blitz"]
[Site "Chess.com"]
[Date "2020.10.20"]
[Round "4"]
[White "Ze-Pequeno"]
[Black "Sadykov_Ramil"]
[Result "1/2-1/2"]
[WhiteElo "2226"]
[BlackElo "2549"]
[TimeControl "180+1"]
[EndTime "10:42:47 PDT"]
[Termination "Game drawn by repetition"]

1. e4 e6 2. d4 d5 3. Nc3 Bb4 4. e5 Qd7 5. a3 Bxc3+ 6. bxc3 b6 7. Qg4 f5 8. Qg3 Ba6 9. Bxa6 Nxa6 10. Nh3 Qf7 11. Nf4 Ne7 12. O-O c5 13. c4 dxc4 14. d5 Nxd5 15. Nxd5 exd5 16. e6 Qe7 17. Bg5 Qc7 18. Qf3 O-O 19. Qxd5 Kh8 20. Qxc4 Nb8 21. Rad1 Nc6 22. Rd7 Qe5 23. Bf4 Qe4 24. Qxe4 fxe4 25. Bc7 Rae8 26. Rd6 Nd4 27. c3 Nxe6 28. Rd7 Nxc7 29.
Rxc7 Rd8 30. Rxa7 Rd3 31. c4 Rc3 32. Ra4 h6 33. Re1 Rc2 34. Rf1 Rd8 35. g4 Rd4 36. h3 Rdxc4 37. Rxc4 Rxc4 38. Rb1 Rc3 39. Kg2 Rxa3 40. Rxb6 e3 41. fxe3 Rxe3 42. Rc6 Rc3 43. h4 Kg8 44. Rc7 c4 45. h5 Rc1 46. Kf2 c3 47.
Kg2 c2 48. Kh2 Kf8 49. Kg2 Ke8 50. Kh2 Kd8 51. Rc4 Kd7 52. Kg2 Kd6 53. Rc8 Ke5 54. Rc5+ Kf4 55. Rc4+ Ke3 56. Rc8 Kd3 57. Rd8+ Ke3 58.
Rc8 Kf4 59. Rc4+ Kg5 60. Kh2 Kh4 61. Kg2 Kg5 62. Kh2 Kf6 63. Kg2 Ke5 64. Rc7 Kd5 65. Rc8 Ke4 66. Rc7 Kf4 67. Rc4+ 1/2-1/2

[Event "*** Titled Tuesday Blitz"]
[Site "Chess.com"]
[Date "2020.10.20"]
[Round "4"]
[White "avantage_ru"]
[Black "KarstenHansch"]
[Result "1-0"]
[WhiteElo "2801"]
[BlackElo "2487"]
[TimeControl "180+1"]
[EndTime "10:42:50 PDT"]
[Termination "avantage_ru won by resignation"]

1. b3 e5 2. Bb2 Nc6 3. e3 g6 4. c4 Bg7 5. Nc3 Nge7 6. d3 O-O 7. Nf3 d6 8. Be2 h6 9. O-O Be6 10. a3 a5 11. Re1 Qd7 12. Nb5 e4 13. Nfd4 exd3 14.
Bxd3 Nxd4 15. Nxd4 Nf5 16. Nxe6 Qxe6 17. Bxg7 Kxg7 18. Be2 b6 19. Bf3 Rae8 20. Qc2 Qf6 21. Bd5 Re5 22. g3 h5 23. b4 axb4 24. axb4 h4 25. Ra7 hxg3 26. hxg3 Re7 27. b5 Rh8 28.
Rc1 Qg5 29. Qc3+ f6 30. e4 Nd4 31. Re1 Qh5 32. e5 fxe5 33. Qxd4 exd4 34. Rxe7+ Kh6 35. Kg2 Kg5 36. f4+ Kh6 37. Raxc7 d3 38. Bf3 Qf5 39. Rcd7 Qf6 40. Re3 d2 41. Rd3 Qb2 42. Kh3 Qc2 43.
R3xd6 Qxc4 44. Kg2 d1=Q 45. Rxd1 Qxb5 46. R1d6 Rg8 47.
g4 Qb2+ 48. Kg3 Rg7 49. Rd8 Kh7 50.
g5 Rf7 51. R8d7 Rxd7 52. Rxd7+ Kg8 53. Rd6 Kf7 54. Be4 Qc3+ 55. Kg4 Qc5 56. Rf6+ Ke7 57.
Bxg6 Qg1+ 58. Kf5 Qb1+ 59. Kg4 Qg1+ 60. Kf3 Qf1+ 61. Ke3 Qe1+ 62. Kd3 Qd1+ 63. Kc4 Qc2+ 64. Kb5 Qb3+ 65. Kc6 b5 66. Bf5 Qc4+ 67. Kb6 b4 68.
Re6+ Kf7 69. g6+ Kg7 70. Re7+ Kf6 71. Rf7+ Qxf7 72. gxf7 Kxf7 73. Bb1 Ke6 74. Kb5 b3 75. f5+ Kf6 76. Kb4 b2 77. Kb3 1-0

[Event "*** Titled Tuesday Blitz"]
[Site "Chess.com"]
[Date "2020.10.20"]
[Round "4"]
[White "Anna_ChessMate"]
[Black "joppie2"]
[Result "0-1"]
[WhiteElo "2531"]
[BlackElo "2864"]
[TimeControl "180+1"]
[EndTime "10:42:50 PDT"]
[Termination "joppie2 won by resignation"]

1. d4 f5 2. c4 Nf6 3. Nc3 g6 4. h4 c6 5. h5 gxh5 6. e4 fxe4 7. Rxh5 d5 8. Rh1 Bf5 9. Nge2 e6 10. Ng3 Bg6 11.
Be2 Nbd7 12. Bg5 Be7 13. Qd2 Qa5 14. Ncxe4 Bb4 15. Nc3 O-O-O 16. a3 h6 17. Be3 e5 18.
Rc1 exd4 19. Bxd4 Bd6 20. cxd5 c5 21. b4 Qxa3 22. Nb5 Qa6 23. bxc5 Bxg3 24. Nd6+ Bxd6 25. cxd6+ Kb8 26. Bxa6 bxa6 27. Rc7 Rhe8+ 28. Kf1 Nb6 29. Bxf6 Rxd6 30. Rc6 Rd7 31. Rxh6 Bf7 32. Qf4+ Kb7 33. Rxb6+ axb6 34. d6 a5 35. Be7 Bd5 36. Qd4 Bc6 37.
Qb2 Ka6 38. Rh3 Rg8 39. Rg3 Rc8 40. Rb3 b5 41. g4 b4 42. g5 Bd5 43. g6 Kb5 44.
Re3 a4 45. Qe5 Rc5 46. Qd4 Bc4+ 47. Kg2 a3 48. g7 a2 49. Re1 Rc8 50. Kf3 Ra8 51.
Re5+ Ka4 52. Qxc4 a1=Q 53. Qb5+ Kb3 54. Re3+ Ka2 55. Re2+ Ka3 56. Qd3+ b3 57. Qf5 Qh1+ 58. Ke3 Qc1+ 59. Kf3 Qc6+ 60. Qe4 Qc3+ 61. Qe3 Qc6+ 62. Qe4 Qxe4+ 63. Kxe4 b2 64. Rxb2 Kxb2 65. Ke5 Rb7 66. Ke6 Kc3 67. Kf7 Rb2 68. f4 Rf2 69. g8=Q Rxf4+ 70. Kg7 Rg4+ 71. Kf7 Rgxg8 72. Ke6 Kc4 73. Kd7 Kb5 0-1

[Event "*** Titled Tuesday Blitz"]
[Site "Chess.com"]
[Date "2020.10.20"]
[Round "4"]
[White "AttackSparrow"]
[Black "northridgehawk"]
[Result "0-1"]
[WhiteElo "2384"]
[BlackElo "2225"]
[TimeControl "180+1"]
[EndTime "10:42:55 PDT"]
[Termination "northridgehawk won by checkmate"]

1. e4 e5 2. Nc3 Nc6 3. Bc4 Nf6 4. d3 Bc5 5. f4 d6 6. Nf3 Bg4 7. Na4 Nd4 8. Nxc5 dxc5 9. c3 Bxf3 10. gxf3 Nc6 11.
Rg1 Nh5 12. Qe2 exf4 13. Qf2 Qe7 14. Bd2 O-O-O 15. O-O-O Ne5 16. Kc2 Rd6 17. Qxc5 Rhd8 18. d4 Nxc4 19. Qxc4 Rc6 20. Qb5 g6 21. Kb1 Rb6 22. Qa4 Ra6 23. Qc2 Qe6 24. d5 Qh3 25. Qd3 Qxh2 26. e5 Qh3 27. c4 Qd7 28. Rge1 Qa4 29.
Qb3 Qd7 30. Re4 Re8 31. Rde1 Qf5 32. Ka1 Rb6 33. Qc3 g5 34. c5 Ra6 35. d6 Rc6 36.
Rd4 Rd8 37. Qb4 Ng7 38. Rc4 Ne6 39. Qc3 h5 40. b4 a6 41. a4 Kd7 42. b5 axb5 43.
axb5 Ra8+ 44. Kb2 g4 45. bxc6+ bxc6 46. dxc7 Nxc7 47. Rd4+ Nd5 48. Qb3 Kc7 49. Ra1 Rb8 50. Ra7+ Kc8 51. Bb4 Qxe5 52. Qc4 Rxb4+ 53. Qxb4 Nxb4 54.
Kc3 Nd5+ 55. Kc4 Qe2+ 56. Rd3 Qc2+ 57. Kd4 Qb2+ 58. Ke4 gxf3 59. Rxf3 f5+ 60. Kxf5 Qd4 61. Rh7 Qxc5 62. Kg6 Qd6+ 63. Kg7 Qf6+ 64. Kg8 Ne7+ 65. Rxe7 Qxe7 66. Rxf4 Qe6+ 67. Kg7 Qe5+ 68. Rf6 h4 69.
Kg6 Qxf6+ 70. Kxf6 h3 71. Ke5 h2 72. Kd6 h1=Q 73.
Kc5 Qd5+ 74. Kb6 Qb5+ 75. Ka7 Kc7 76. Ka8 Qb7# 0-1

[Event "*** Titled Tuesday Blitz"]
[Site "Chess.com"]
[Date "2020.10.20"]
[Round "4"]
[White "Rubinstein_Akiba"]
[Black "AndrewMaco"]
[Result "1/2-1/2"]
[WhiteElo "2384"]
[BlackElo "2618"]
[TimeControl "180+1"]
[EndTime "10:42:59 PDT"]
[Termination "Game drawn by repetition"]

1. e4 c6 2. d4 d5 3. Nc3 dxe4 4.
Nxe4 Nf6 5. Nxf6+ exf6 6. c3 Bd6 7. Bd3 O-O 8. Ne2 Re8 9. O-O h5 10. Bf4 Bg4 11. f3 Be6 12. Qd2 a5 13. Rfe1 Na6 14.
Bxd6 Qxd6 15. Nf4 h4 16. Nxe6 Rxe6 17. Bxa6 Rxa6 18. a4 Ra8 19. Rxe6 fxe6 20. Re1 Kf7 21. Qe3 Rh8 22. h3 Rh5 23. Qe4 Rh6 24. Re2 Qd5 25. Qxd5 cxd5 26. b4 b6 27. bxa5 bxa5 28. Rb2 Rh8 29.
Kf2 Rc8 30. Rb3 Rc4 31. Ra3 Kg6 32. Ke3 Kf5 33. Ke2 Kf4 34. Kf2 g5 35. Ke2 Kg3 36. Kf1 Kf4 37. Ke2 e5 38. dxe5 fxe5 39. Kd3 Kg3 40. Ra2 Kh2 41. Re2 e4+ 42. fxe4 Rxe4 43. Rxe4 dxe4+ 44. Kxe4 Kxg2 45. c4 g4 46. c5 gxh3 47.
c6 h2 48. c7 h1=Q 49. c8=Q Kg3+ 50. Kd4 Qd1+ 51. Ke5 Qe2+ 52. Kf6 Qf3+ 53. Kg5 Qf4+ 54. Kh5 h3 55. Qg8+ Kf2 56. Qa2+ Kg1 57. Qb1+ Qf1 58. Qg6+ Qg2 59. Qb1+ Kh2 60. Qb8+ Qg3 61. Qb2+ Kg1 62. Qb1+ Kg2 63. Qb2+ Qf2 64. Qg7+ Kh1 65. Qa1+ Kh2 66. Qe5+ Kg2 67. Qg7+ Kf1 68. Qa1+ Qe1 69. Qf6+ Qf2 70. Qa1+ Ke2 71. Qb2+ Kf3 72. Qc3+ Kg2 73. Qg7+ 1/2-1/2

[Event "*** Titled Tuesday Blitz"]
[Site "Chess.com"]
[Date "2020.10.20"]
[Round "4"]
[White "FMalexhdez"]
[Black "RamyresCoelho"]
[Result "1-0"]
[WhiteElo "2267"]
[BlackElo "2058"]
[TimeControl "180+1"]
[EndTime "10:42:59 PDT"]
[Termination "FMalexhdez won by checkmate"]

1. e4 c5 2. Nf3 d6 3. d4 cxd4 4. Nxd4 Nf6 5. Nc3 a6 6. h3 e6 7. g4 b5 8. g5 Nfd7 9. a3 Bb7 10.
Bg2 Qc7 11. h4 Nc6 12. O-O Be7 13. Be3 Nde5 14. Nxc6 Bxc6 15. f4 Nc4 16. Bc1 Qb6+ 17. Kh1 Rc8 18. Qe2 Bb7 19. b3 Nxa3 20. Bxa3 Rxc3 21.
Bb2 Rc8 22. Bxg7 Rg8 23. Bb2 Qc7 24. Rf2 Kf8 25. Qh5 d5 26. f5 Bc5 27. Rff1 e5 28.
exd5 Qd6 29. c4 bxc4 30. bxc4 Bd4 31. Ba3 Bc5 32. Bxc5 Rxc5 33. Rab1 Bc8 34. Qg4 h6 35. g6 Rxg6 36. Qe4 Rg3 37. Rf3 Rxf3 38. Bxf3 Qf6 39.
Rb8 Kg7 40. Qg4+ Kh7 41. Be2 Qxf5 42. Qxf5+ Bxf5 43. Rb7 Be4+ 44. Kg1 Kg6 45. Kf2 f5 46. Rb6+ Kg7 47. Rxa6 h5 48. d6 Rc8 49. Ra7+ Kf8 50.
d7 Rd8 51. c5 Ke7 52. Bb5 Bd5 53. c6 Bxc6 54. Bxc6 e4 55. Ke3 Kf6 56. Bd5 Ke5 57. Bf7 f4+ 58. Ke2 f3+ 59. Ke3 Kd6 60. Be8 Ke7 61. Ra4 Kf6 62. Rxe4 Kf5 63. Rf4+ Ke6 64. Rxf3 Ke7 65. Rf4 Ke6 66. Rc4 Ke7 67. Rc8 Rxc8 68. dxc8=Q Kf8 69. Qd7 Kg8 70. Qf7+ Kh8 71. Qxh5+ Kg8 72.
Qg6+ Kh8 73. Qf6+ Kg8 74. Bf7+ Kh7 75. Bg6+ Kh6 76. Bf5+ Kh5 77. Qg6+ Kxh4 78. Qg4# 1-0

[Event "*** Titled Tuesday Blitz"]
[Site "Chess.com"]
[Date "2020.10.20"]
[Round "4"]
[White "FontVella8"]
[Black "nrvisakh"]
[Result "0-1"]
[WhiteElo "2487"]
[BlackElo "2727"]
[TimeControl "180+1"]
[EndTime "10:43:01 PDT"]
[Termination "nrvisakh won by resignation"]

1. e4 c5 2. Nf3 Nc6 3. d4 cxd4 4. Nxd4 Nf6 5. Nc3 e5 6. Ndb5 d6 7. Bg5 a6 8. Na3 b5 9. Bxf6 gxf6 10. Nd5 f5 11. g3 Bg7 12. Bg2 O-O 13. exf5 Bxf5 14. Ne3 Nd4 15. c3 Bg6 16. cxd4 exd4 17. Nd5 Re8+ 18.
Kf1 Rc8 19. h4 h5 20. Nf4 b4 21. Nxg6 bxa3 22. Nf4 axb2 23. Rb1 Qa5 24. Bd5 Rc5 25. Qxh5 Qc7 26. Rxb2 Rxd5 27. Qxd5 Qc1+ 28. Kg2 Qxb2 29.
h5 Bh6 30. Rh4 Qb5 31. Qxd6 Qf5 32. Qxd4 Re4 33. Qd8+ Kh7 34. Qc7 Bg5 35. Ng6 Bxh4 36. Nxh4 Qd5 37. Qc2 Kh6 38. Nf3 Kxh5 39. Qc8 Kg6 40.
Qg8+ Kf6 41. Qh8+ Ke7 42. Qc3 Re6 43. Qc7+ Kf8 44. Qc8+ Kg7 45. Qc3+ Rf6 46. Qe3 Qxa2 47. Qg5+ Rg6 48. Qe5+ f6 49. Qe7+ Qf7 50. Qd6 f5 51. Qd4+ Rf6 52. Ng5 Qb7+ 53. f3 Kg6 54. Qh4 Qg7 55. f4 Qh6 56. Qxh6+ Kxh6 57. Nf3 a5 58.
Nd4 a4 59. Nc2 Rc6 60. Nb4 Rb6 61. Nd5 Rb2+ 62. Kh3 a3 63. Ne7 a2 64. Nxf5+ Kh7 65. Kg4 a1=Q 66. Kg5 Qa5 67. g4 Rg2 68. Kh5 Qe1 69.
g5 Qh1+ 70. Nh4 Rh2 71. g6+ Kg7 72. f5 Rxh4+ 73. Kg5 Rh5+ 0-1

[Event "*** Titled Tuesday Blitz"]
[Site "Chess.com"]
[Date "2020.10.20"]
[Round "4"]
[White "PauloCesarCosta_sad"]
[Black "11kevin"]
[Result "0-1"]
[WhiteElo "2277"]
[BlackElo "2584"]
[TimeControl "180+1"]
[EndTime "10:43:01 PDT"]
[Termination "11kevin won on time"]

1. Nf3 Nf6 2. c4 e6 3. d4 d5 4. Nc3 Be7 5. Bg5 h6 6. Bh4 O-O 7. e3 b6 8. cxd5 Nxd5 9. Bxe7 Qxe7 10. Nxd5 exd5 11. Be2 Be6 12. O-O c5 13. Qd2 Nd7 14. b3 Nf6 15. dxc5 Ne4 16. Qc2 bxc5 17. Bd3 f5 18.
Rac1 Rfc8 19. Rfd1 a5 20. Bb5 Nd6 21. Ba4 Bf7 22. Qb2 Rab8 23. Qc3 Rb4 24. a3 Ne4 25. Qe5 Rb7 26. Qxf5 Be6 27. Qe5 Qf7 28. Rc2 Re7 29. b4 axb4 30. axb4 c4 31. Bb5 c3 32. Qd4 Qh5 33.
Be2 Qe8 34. b5 Rb8 35. Ne5 Qd8 36. Nc6 Qc7 37. Nxb8 Qxb8 38. f3 Nd6 39. Qxc3 Nxb5 40.
Bxb5 Qxb5 41. Qd3 Qb6 42. Rcd2 Bf7 43. Re1 Qc5 44. Qd4 Qa5 45. Red1 Qb5 46. Qd3 Qc5 47. Qd4 Qa3 48. Rd3 Qa2 49. h3 Qe2 50. R1d2 Qe1+ 51.
Kh2 Qc1 52. Rd1 Qc7+ 53. g3 Qc6 54. R1d2 Rb7 55. h4 Rb5 56. Rd1 Rc5 57. R1d2 Rc4 58. Qe5 Qd7 59. Rd4 Rc3 60. R4d3 Rc4 61. Rd4 Rc1 62.
R4d3 Qb5 63. Rxd5 Qf1 64. Rd8+ Kh7 65. Qe4+ g6 66. Rh8+ Kxh8 67. Qa8+ Kh7 68. Qh8+ Kxh8 69. Rd8+ Kg7 70. Rg8+ Kxg8 0-1

[Event "*** Titled Tuesday Blitz"]
[Site "Chess.com"]
[Date "2020.10.20"]
[Round "4"]
[White "Mazetovic"]
[Black "Mr_Sinigami"]
[Result "1-0"]
[WhiteElo "2745"]
[BlackElo "2501"]
[TimeControl "180+1"]
[EndTime "10:43:05 PDT"]
[Termination "Mazetovic won on time"]

1. e4 c5 2. Nf3 e6 3. c4 Nc6 4. Nc3 Nf6 5. Be2 d5 6. exd5 exd5 7. d4 cxd4 8. Nxd4 Bb4 9. Nxc6 bxc6 10. Qa4 Bxc3+ 11.
bxc3 O-O 12. O-O Ne4 13. Qxc6 Be6 14. Ba3 Nxc3 15. Bf3 Re8 16. cxd5 Rc8 17. Qd6 Bxd5 18. Bxd5 Nxd5 19. Rfd1 Nc3 20. Qxd8 Rexd8 21. Rxd8+ Rxd8 22. g3 a5 23. Bb2 Na4 24. Be5 f6 25. Bc7 Rd5 26. Rc1 Nb2 27. Bf4 Nd3 28. Rc8+ Kf7 29. Rc7+ Kg6 30. Be3 Ne5 31. h4 h5 32. Bc5 Nd3 33. Bf8 Kf5 34. Bxg7 Ne5 35. Bh6 Ng4 36. Bc1 Rb5 37. Rc2 Rd5 38. Kg2 a4 39. Bf4 Rd4 40. Rc5+ Kg6 41. f3 Nh6 42. Bxh6 Kxh6 43.
Rc2 Kg6 44. Kf2 Rd3 45. Ke2 Ra3 46. Rd2 Kf5 47. Kf2 Kg6 48. Re2 Kf5 49. Kg2 Kg6 50. g4 Rc3 51. Kg3 Rd3 52. Kf4 Rd4+ 53. Re4 Rd2 54.
Rxa4 hxg4 55. fxg4 Rf2+ 56. Kg3 Rc2 57. h5+ Kg7 58. Ra6 Rc3+ 59. Kh4 Rc4 60. Ra5 Rd4 61. a4 Rb4 62. Ra7+ Kh6 63. Ra6 Kg7 64. a5 Ra4 65.
Kg3 Kf7 66. Ra7+ Kg8 67. h6 Kh8 68. Kh4 Kg8 69. Kh5 Kh8 70. a6 Kg8 71. Kg6 Rxg4+ 72.
Kxf6 Rf4+ 73. Ke5 Rf7 74. Rxf7 Kxf7 75. a7 1-0